 Dungeon Crawl Stone Soup version 0.22-a0-467-g5c5de1c (webtiles) character file.

68036 tilp the Impaler (level 15, 0/114 HPs)
             Began as a Merfolk Ice Elementalist on June 9, 2018.
             Was the Champion of Makhleb.
             Slain by a dire elephant (29 damage)
             ... on level 6 of the Lair of Beasts on June 10, 2018.
             The game lasted 01:56:56 (32891 turns).

tilp the Impaler (Merfolk Ice Elementalist)        Turns: 32891, Time: 01:56:57

Health: 0/114      AC: 25    Str: 12    XL:     15   Next: 25%
Magic:  26/27      EV: 17    Int: 23    God:    Makhleb [******]
Gold:   554        SH:  0    Dex: 11    Spells: 10/30 levels left

rFire    + . .     SeeInvis .   Y - +2 glaive (vamp)
rCold    + . .     Gourm    .   (shield currently unavailable)
rNeg     + . .     Faith    +   Z - +0 leather armour {rPois}
rPois    +         Spirit   .   v - +2 helmet
rElec    +         Reflect  .   e - +2 cloak {MR+}
rCorr    .         Harm     .   (no gloves)
MR       ++...                  k - +1 pair of boots
Stlth    ++........             u - amulet "Loucuama" {Faith *Contam rF+ Int+3}
HPRegen  0.29/turn              y - +5 ring of protection
MPRegen  0.20/turn              d - ring of Astroar {rElec rC+ rN+ Str+4 Dex-5}

@: icy armour
A: change form in water, swift swim, stealthy swim
a: Minor Destruction, Lesser Servant of Makhleb, Major Destruction, Greater
Servant of Makhleb, Renounce Religion


You were on level 6 of the Lair of Beasts.
You worshipped Makhleb.
Makhleb was exalted by your worship.
You were not hungry.

You visited 3 branches of the dungeon, and saw 18 of its levels.
You also visited: Labyrinth and Sewer.

You collected 1880 gold pieces.
You spent 1326 gold pieces at shops.

Inventory:

Hand Weapons
 Y - a +2 vampiric glaive (weapon)
Missiles
 g - 22 javelins
 K - 8 poisoned tomahawks (quivered)
 V - 7 javelins of penetration
Armour
 e - a +2 cloak of magic resistance (worn)
 k - a +1 pair of boots (worn)
 m - a +2 robe of the Archmagi
 v - a +2 helmet (worn)
 Z - a +0 leather armour of poison resistance (worn)
Jewellery
 b - an uncursed ring of protection from magic
 d - the ring of Astroar (right hand) {rElec rC+ rN+ Str+4 Dex-5}
   (You took it off a minotaur in a labyrinth)

   [ring of positive energy]

   It affects your strength (+4).
   It affects your dexterity (-5).
   It protects you from cold.
   It insulates you from electricity.
   It protects you from negative energy.
 o - the ring "Hisubli" {rF+ SInv}
   (You found it in a labyrinth)

   [ring of see invisible]

   It protects you from fire.
   It lets you see invisible.
 p - an uncursed ring of protection from magic
 s - an uncursed ring of wizardry
 u - the amulet "Loucuama" (around neck) {Faith *Contam rF+ Int+3}
   (You found it on level 3 of the Dungeon)

   [amulet of faith]

   It allows you to gain divine favour quickly.
   It affects your intelligence (+3).
   It protects you from fire.
   It causes magical contamination when unequipped.
 x - the amulet of the Gloaming {Reflect MR+ SH+2}
   (You found it in a labyrinth)

   [amulet of reflection]

   It shields you and reflects attacks.
   It affects your resistance to hostile enchantments.
   It affects your SH (+2).
 y - a +5 ring of protection (left hand)
 R - an uncursed ring of positive energy
 U - an uncursed ring of poison resistance
Wands
 h - a wand of polymorph (34)
 q - a wand of scattershot (2)
 r - a wand of digging (14)
 C - a wand of disintegration (30)
 F - a wand of acid (18)
 H - a wand of clouds (1)
 N - a wand of iceblast (16)
 T - a wand of paralysis (9)
Scrolls
 i - a scroll of identify
 t - a scroll of magic mapping
 w - 5 scrolls of remove curse
 A - 4 scrolls of amnesia
 E - 5 scrolls of teleportation
 Q - 3 scrolls of fear
 S - 7 scrolls of fog
Potions
 a - 4 potions of brilliance
 f - a potion of curing
 j - 3 potions of flight
 B - a potion of invisibility
 G - a potion of haste
 I - 2 potions of cancellation
 J - 2 potions of might
 L - 2 potions of agility
 O - 3 potions of resistance
 P - 2 potions of mutation
Miscellaneous
 z - a lightning rod (4/4)
Comestibles
 c - 11 rations


   Skills:
 + Level 9.6 Fighting
 - Level 20.0 Polearms
 - Level 12.1 Dodging
 - Level 2.1 Stealth
 - Level 8.0 Spellcasting
 - Level 6.1 Conjurations
 - Level 6.1 Charms
 - Level 12.0 Ice Magic
 - Level 5.0 Invocations
 - Level 5.3 Evocations


You had 10 spell levels left.
You knew the following spells:

 Your Spells              Type           Power        Failure   Level  Hunger
a - Freeze                Ice            ####         1%          1    None
b - Throw Frost           Conj/Ice       ######       1%          2    None
c - Ozocubu's Armour      Chrm/Ice       ######..     1%          3    None
d - Throw Icicle          Conj/Ice       ######..     1%          4    ###....
e - Blink                 Tloc           N/A          13%         2    None
f - Conjure Flame         Conj/Fire      ###.....     8%          3    None
g - Slow                  Hex            #.......     13%         2    None
h - Regeneration          Chrm/Necr      ###.......   8%          3    None

Your spell library contained the following spells:

 Spells                   Type           Power        Failure   Level  Hunger
 Cause Fear               Hex            #.........   65%         4    ###....
 Magic Dart               Conj           ####         1%          1    None
 Apportation              Tloc           #.....       9%          1    None
 Mephitic Cloud           Conj/Pois/Air  ###.....     12%         3    None
 Venom Bolt               Conj/Pois      ###.......   56%         5    #####..
 Olgreb's Toxic Radiance  Pois           #.......     65%         4    ###....
 Summon Small Mammal      Summ           #...         9%          1    None
 Animate Dead             Necr           N/A          65%         4    ###....
 Pain                     Necr           #...         9%          1    None
 Animate Skeleton         Necr           N/A          9%          1    None
 Vampiric Draining        Necr           #.........   26%         3    None
 Summon Ice Beast         Ice/Summ       #####...     8%          4    ###....
 Call Imp                 Summ           #.......     13%         2    None
 Sting                    Conj/Pois      ###.         2%          1    None
 Stone Arrow              Conj/Erth      ###...       8%          3    None
 Deflect Missiles         Chrm/Air       ###.......   98%         6    ######.
 Confusing Touch          Hex            #.....       9%          1    None
 Passwall                 Tmut/Erth      #.......     13%         2    None
 Silence                  Hex/Air        #.........   94%         5    #####..
 Lee's Rapid Deconstruct  Erth           #.........   94%         5    #####..
 Sandblast                Erth           #.....       9%          1    None
 Petrify                  Tmut/Erth      #.......     65%         4    ###....
 Discord                  Hex            #.........   100%        8    #######
 Yara's Violent Unravell  Hex/Tmut       #.........   94%         5    #####..
 Poisonous Vapours        Pois/Air       #.....       13%         2    None


Dungeon Overview and Level Annotations

Branches:
Dungeon (10/15)            Temple (0/1) D:6            Lair (6/6) D:10
  Swamp (0/4) Lair:2        Snake (0/4) Lair:4        Slime (0/5) Lair:5
    Orc (2/2) D:10            Elf (0/3) Orc:2

Altars:
Gozag
Hepliaklqana
Makhleb
Okawaru
Qazlal
Ru
Yredelemnul
The Shining One
Beogh

Shops:
Orc:2 }=!}%(*=


Message History

You feel better.
You feel less invigorated.
Your hellwing hits the dire elephant. x2
The dire elephant is engulfed in blazing flames.
The dire elephant barely misses you.
The dire elephant completely misses you.
The dire elephant is engulfed in blazing flames.
The dire elephant tramples your hellwing.
Your hellwing holds its ground!
The dire elephant trunk-slaps your hellwing!
You slice the dire elephant!!
You kill the dire elephant!
Makhleb accepts your kill.
Unknown command.
Casting: Ozocubu's Armour (safe; 1% risk of failure)
Confirm with . or Enter, or press ? or * to list all spells.
Okay, then.
You feel better.
The dire elephant is engulfed in blazing flames.
The dire elephant tramples you!!
You die...

####### ##.#.#.##
##P.....Y##
##......4§@♣
#..#..#.##♣8♣
#######''##'### ♣|♣
≈.##8....#8..# ♣♣
≈.÷'.Y...#...#
≈≈.#8.####.#.# ####
≈≈.####....#'######
#..#
≈≈≈#....####.....P#
#..# ≈###.####
#......# #..###


You could see a dire elephant and a friendly hellwing.

Vanquished Creatures
  An entropy weaver (Lair:4)
  Azrael (Orc:2)
  Nessos (Orc:2)
  3 dire elephants (Lair:6)
  2 ogre magi (Orc:2)
  8 hydras
  An anaconda (Lair:6)
  A catoblepas (Lair:5)
  3 death yaks (D:10)
  A queen ant (Lair:4)
  10 two-headed ogres
  Sonja (Lair:3)
  The ghost of zard0z the Covert, a novice SpEn of Kikubaaqudgha (D:9)
  An unseen horror (D:10)
  A deep troll (Orc:2)
  Pikel (D:8)
  An orc knight (Orc:2)
  An orc sorcerer (Orc:1)
  2 cyclopes (Orc:2)
  10 elephants
  6 black mambas
  Psyche (D:8)
  Maurice (D:8)
  11 spiny frogs
  4 komodo dragons
  2 polar bears
  12 trolls
  11 blink frogs
  8 hippogriffs
  A redback (Lab)
  A wyvern (Lair:3)
  3 wraiths (Orc:1)
  2 basilisks
  39 yaks
  3 fire elementals (Orc:1)
  Grum (D:8)
  2 humans (D:9)
  12 soldier ants (Lair:4)
  3 wargs (Orc:1)
  3 nagas (Lair:4)
  3 hell hounds (Orc:1)
  10 water moccasins
  7 porcupines
  13 orc warriors
  A phantom (D:10)
  3 sky beasts
  26 ogres
  2 black bears
  A centaur (D:8)
  13 wolves
  10 crocodiles
  A big kobold (D:10)
  11 bullfrogs
  A scorpion (D:6)
  6 killer bees (D:8)
  9 wights
  A troll skeleton (Lab)
  2 centaur zombies
  7 crimson imps
  A bullfrog zombie (D:7)
  A quasit (D:5)
  7 hounds
  2 jellies
  12 orc priests
  20 orc wizards
  2 bullfrog skeletons
  A centaur skeleton (D:4)
  4 iguanas
  A killer bee zombie (D:6)
  29 worker ants
  An ogre skeleton (Lab)
  A hound zombie (D:6)
  A worker ant zombie (D:10)
  A howler monkey skeleton (D:8)
  9 adders
  3 gnolls (D:2)
  A river rat (D:6)
  A shadow imp (D:8)
  2 oozes (D:2)
  An adder zombie (D:6)
  2 worms
  5 dart slugs
  2 leopard geckos
  77 orcs
  5 ball pythons
  15 giant cockroaches
  6 goblins
  7 hobgoblins
  7 jackals
  13 kobolds
  6 quokkas
  17 bats
  9 frilled lizards
  A jackal skeleton (D:2)
  A quokka zombie (D:6)
  10 rats
  3 plants (Lair:6)
591 creatures vanquished.

Vanquished Creatures (collateral kills)
  An entropy weaver (Lair:4)
  A minotaur (Lab)
  Josephine (Orc:1)
  A hydra (Lair:2)
  A deep troll (Orc:1)
  An orc knight (Orc:1)
  A torpor snail (Lair:5)
  2 basilisks
  A spriggan (Lair:2)
  A wraith (Orc:1)
  2 yaks (Lair:3)
  A porcupine (Lair:3)
  A water moccasin (Lair:2)
  A crocodile (Lair:2)
  2 bullfrogs (Lair:3)
  2 plants
20 creatures vanquished.

Vanquished Creatures (others)
  A warg (Orc:2)
  4 slaves (D:8)
  An orc (D:10)
  16 fungi
  16 plants
38 creatures vanquished.

Grand Total: 649 creatures vanquished

Notes
Turn   | Place    | Note
-------+----------+-------------------------------------------
     0 | D:1      | tilp the Merfolk Ice Elementalist began the quest for the Orb.
     0 | D:1      | Reached XP level 1. HP: 13/13 MP: 3/3
   520 | D:1      | Reached XP level 2. HP: 19/19 MP: 5/5
   524 | D:1      | Learned a level 2 spell: Throw Frost
  1591 | D:1      | Reached XP level 3. HP: 19/24 MP: 2/6
  1671 | D:1      | Learned a level 3 spell: Ozocubu's Armour
  1913 | D:2      | Reached skill level 5 in Ice Magic
  2004 | D:2      | Found a stormy altar of Qazlal.
  2060 | D:2      | Reached XP level 4. HP: 30/30 MP: 7/7
  2468 | D:2      | Found a sacrificial altar of Ru.
  3088 | D:2      | Reached XP level 5. HP: 35/35 MP: 8/8
  3311 | D:3      | Got a vibrating bronze amulet
  4136 | D:4      | Reached XP level 6. HP: 24/41 MP: 0/9
  4271 | D:4      | Reached skill level 1 in Fighting
  4721 | D:4      | Identified the amulet "Loucuama" {Faith *Contam rF+ Int+3} (You found it on level 3 of the Dungeon)
  4806 | D:4      | Found a basalt altar of Yredelemnul.
  5349 | D:5      | Entered Level 5 of the Dungeon
  5354 | D:5      | Reached XP level 7. HP: 54/54 MP: 0/10
  6005 | D:5      | Reached skill level 5 in Dodging
  6228 | D:6      | Found a glowing drain.
  6292 | Sewer    | Entered a sewer
  6633 | D:6      | Reached XP level 8. HP: 53/60 MP: 11/11
  6686 | D:6      | Reached skill level 1 in Charms
  6888 | D:6      | Learned a level 4 spell: Throw Icicle
  7321 | D:6      | Found a burning altar of Makhleb.
  7332 | D:6      | Became a worshipper of Makhleb the Destroyer
  7376 | D:6      | Reached skill level 1 in Conjurations
  7549 | D:6      | Found a staircase to the Ecumenical Temple.
  7846 | D:7      | Found a glowing golden altar of the Shining One.
  8015 | D:7      | Noticed a two-headed ogre
  8986 | D:8      | Noticed Pikel
  9018 | D:8      | Noticed Maurice
  9065 | D:8      | Killed Maurice
  9065 | D:8      | Reached skill level 5 in Conjurations
  9065 | D:8      | Reached XP level 9. HP: 47/65 MP: 0/12
  9340 | D:8      | Reached * piety under Makhleb
  9514 | D:8      | Reached skill level 1 in Invocations
  9625 | D:8      | Noticed Psyche
  9637 | D:8      | Killed Psyche
  9637 | D:8      | Reached skill level 5 in Invocations
  9708 | D:8      | Reached skill level 1 in Evocations
 10259 | D:8      | Got a scorched hand axe
 10371 | D:7      | Reached XP level 10. HP: 64/71 MP: 7/13
 10430 | D:7      | Reached ** piety under Makhleb
 10526 | D:8      | Killed Pikel
 10526 | D:8      | Reached skill level 5 in Evocations
 10527 | D:8      | Noticed Grum
 11138 | D:8      | Killed Grum
 11486 | D:9      | Identified the cursed +3 hand axe of Responsibility {chop, rN+ Str+3} (You found it on level 8 of the Dungeon)
 11673 | D:9      | Noticed zard0z's ghost (novice SpEn)
 11755 | D:9      | Found an iron altar of Okawaru.
 11926 | D:9      | Reached skill level 5 in Fighting
 12062 | D:9      | Found an opulent altar of Gozag.
 12377 | D:9      | Killed zard0z's ghost
 12631 | D:9      | Learned a level 2 spell: Blink
 12635 | D:9      | Learned a level 3 spell: Conjure Flame
 12638 | D:9      | Learned a level 2 spell: Slow
 12675 | D:9      | Noticed a two-headed ogre
 12685 | D:9      | Killed a two-headed ogre
 13076 | D:9      | Found a hazy altar of Hepliaklqana.
 13156 | D:10     | Entered Level 10 of the Dungeon
 13221 | D:10     | Reached XP level 11. HP: 63/86 MP: 7/17
 13649 | D:10     | Reached *** piety under Makhleb
 13834 | D:10     | Found a roughly hewn altar of Beogh.
 13834 | D:10     | Found a staircase to the Orcish Mines.
 14148 | D:10     | Noticed a death yak
 14148 | D:10     | Noticed a death yak
 14149 | D:10     | Noticed a death yak
 14167 | D:10     | Reached skill level 10 in Dodging
 14234 | D:10     | Reached **** piety under Makhleb
 14242 | D:10     | Killed a death yak
 14243 | D:10     | Killed a death yak
 14263 | D:10     | Killed a death yak
 14386 | D:10     | Found a staircase to the Lair.
 14908 | Lair:1   | Entered Level 1 of the Lair of Beasts
 15175 | Lair:1   | Found a labyrinth entrance.
 15204 | Lab      | Entered a labyrinth
 15636 | Lab      | Noticed a minotaur
 15662 | Lab      | Killed a minotaur
 15664 | Lab      | Got a bound ivory ring
 15678 | Lab      | Got a warped brass ring
 15678 | Lab      | Got a faintly glowing pewter amulet
 15679 | Lab      | Got a spiked scale mail
 15948 | Lair:1   | Identified the +6 scale mail of the Journeyman {rElec Int-4 Dex+2 Stlth+} (You found it in a labyrinth)
 15960 | Lair:1   | Identified the ring of Astroar {rElec rC+ rN+ Str+4 Dex-5} (You took it off a minotaur in a labyrinth)
 15962 | Lair:1   | Identified the ring "Hisubli" {rF+ SInv} (You found it in a labyrinth)
 16890 | Lair:2   | Reached skill level 10 in Ice Magic
 16977 | Lair:2   | Reached XP level 12. HP: 93/93 MP: 18/18
 17000 | Lair:2   | Noticed a six-headed hydra
 17257 | Lair:2   | Killed a six-headed hydra
 17310 | Lair:2   | Identified the amulet of the Gloaming {Reflect MR+ SH+2} (You found it in a labyrinth)
 18441 | Lair:2   | Noticed an eight-headed hydra
 18602 | Lair:2   | Killed an eight-headed hydra
 18666 | Lair:2   | Found a staircase to the Swamp.
 18910 | Lair:3   | Noticed Sonja
 18992 | Lair:3   | Killed Sonja
 18992 | Lair:3   | Reached skill level 3 in Polearms
 19015 | Lair:3   | Reached skill level 4 in Polearms
 19029 | Lair:3   | Reached skill level 5 in Polearms
 19266 | Lair:3   | Reached skill level 6 in Polearms
 19398 | Lair:3   | Noticed a five-headed hydra
 19406 | Lair:3   | Killed a five-headed hydra
 19406 | Lair:3   | Reached skill level 7 in Polearms
 19477 | Lair:3   | Reached skill level 8 in Polearms
 19495 | Lair:3   | Noticed a six-headed hydra
 19519 | Lair:3   | Killed a six-headed hydra
 19519 | Lair:3   | Reached skill level 9 in Polearms
 19732 | Lair:3   | Reached skill level 10 in Polearms
 20295 | Lair:4   | Noticed an entropy weaver
 20295 | Lair:4   | Noticed an entropy weaver
 20295 | Lair:4   | Noticed a queen ant
 20417 | Lair:4   | Found a staircase to the Snake Pit.
 20486 | Lair:4   | Reached skill level 11 in Polearms
 20634 | Lair:4   | Reached XP level 13. HP: 96/98 MP: 9/19
 20798 | Lair:4   | Reached skill level 12 in Polearms
 21438 | Lair:4   | Reached skill level 13 in Polearms
 21473 | Lair:4   | Killed an entropy weaver
 21947 | Lair:4   | Killed an entropy weaver
 22322 | Lair:4   | Reached skill level 14 in Polearms
 22858 | Lair:5   | Reached skill level 15 in Polearms
 23655 | Lair:5   | Reached ***** piety under Makhleb
 23725 | Lair:5   | Reached skill level 16 in Polearms
 24053 | Lair:5   | Learned a level 3 spell: Regeneration
 24111 | Lair:5   | Reached skill level 5 in Spellcasting
 24197 | Lair:5   | Found a staircase to the Slime Pits.
 25020 | D:7      | Reached XP level 14. HP: 105/105 MP: 19/24
 25085 | Orc:1    | Entered Level 1 of the Orcish Mines
 25595 | Orc:2    | Entered Level 2 of the Orcish Mines
 25595 | Orc:2    | Noticed Nessos
 25619 | Orc:2    | Found Maamofy's Gadget Boutique.
 25619 | Orc:2    | Noticed Josephine
 25629 | Orc:1    | Killed Josephine
 26037 | Orc:2    | Found Rytuidd's Gadget Shoppe.
 26381 | Orc:2    | Found Zuemah's Jewellery Boutique.
 26412 | Orc:2    | Found a staircase to the Elven Halls.
 26766 | Orc:1    | Reached skill level 5 in Charms
 26950 | Orc:2    | Found Niwausayv's Distillery.
 27398 | Orc:2    | Killed Nessos
 27665 | Orc:2    | Noticed Azrael
 28503 | Orc:2    | Killed Azrael
 29027 | Orc:1    | Reached skill level 17 in Polearms
 29472 | Orc:2    | Reached ****** piety under Makhleb
 29526 | Orc:1    | Reached skill level 18 in Polearms
 29883 | Orc:2    | Upgraded the game from 0.22-a0-460-g49b1da7 to 0.22-a0-467-g5c5de1c
 29907 | Orc:2    | Found Henufeab's Jewellery Shoppe.
 29908 | Orc:2    | Found Ecall's Weapon Shoppe.
 29912 | Orc:2    | Found Gewydyoch's Food Boutique.
 29920 | Orc:2    | Bought a +0 vampiric glaive for 301 gold pieces
 29950 | Orc:2    | Found Woameox's Assorted Antiques.
 29958 | Orc:2    | Bought a scroll labeled LAOSYT SAGYA for 27 gold pieces
 30138 | Orc:2    | Bought 2 potions of brilliance for 96 gold pieces
 30138 | Orc:2    | Bought a potion of might for 48 gold pieces
 30138 | Orc:2    | Bought a potion of resistance for 120 gold pieces
 30138 | Orc:2    | Bought a potion of might for 48 gold pieces
 30138 | Orc:2    | Bought a potion of brilliance for 48 gold pieces
 30138 | Orc:2    | Bought a potion of brilliance for 48 gold pieces
 30138 | Orc:2    | Bought a potion of resistance for 120 gold pieces
 30205 | Orc:2    | Bought a scroll of teleportation for 81 gold pieces
 30205 | Orc:2    | Bought a potion of curing for 81 gold pieces
 30235 | Orc:2    | Bought a wand of acid (7) for 308 gold pieces
 30457 | Lair:6   | Entered Level 6 of the Lair of Beasts
 30626 | Lair:5   | Reached skill level 19 in Polearms
 31165 | Lair:6   | Reached XP level 15. HP: 110/110 MP: 12/27
 31853 | Lair:6   | Reached skill level 20 in Polearms
 32891 | Lair:6   | Slain by a dire elephant

Vault maps used:
D:1:      dpeg_arrival_short_road
D:2:      minmay_wonky_spiral, nicolae_ru_awakened_eye, grunt_qazlal_clouds,
          minmay_tetromino_o2
D:3:      serial_forest, infiniplex_forest_pool, infiniplex_forest_lined_4_way,
          infiniplex_forest_lined_ring, infiniplex_forest_clump_diagonal,
          infiniplex_forest_straight_1, infiniplex_forest_clump_double,
          infiniplex_forest_side_room, infiniplex_forest_zigzag_2,
          infiniplex_forest_clump_double, minmay_checkerbox
D:4:      kb_forest_paths, lemuel_round_altar, first_ration
D:6:      kennysheep_mini_moat, lemuel_temple_firewalk_b, portal_sewer_entry_b,
          hangedman_abyss_or_decor_passed
D:7:      tso_metal_star
D:8:      uniq_grum, uniq_pikel, uniq_psyche, uniq_maurice
D:9:      lemuel_round_altar, okawaru_humans, kennysheep_little_box
D:10:     dpeg_lair_monsters, david_orc_5
Lair:1:   lab_entry_generic, grunt_megastairs_5, lemuel_fruit_tree
Lair:2:   minmay_swamp_entry_reptiles, grunt_forest_stairs_clearing
Lair:3:   grunt_megastairs_1, uniq_sonja
Lair:4:   guppyfry_snake_entry_garden, minmay_another_anthill
Lair:5:   dpeg_slime_entry_corner, minivault_24, serial_bayou_shore_b
Lair:6:   due_jungle_book, grunt_megastairs_2
Orc:2:    st_orc_open, serial_shops, nicolae_shop_trees, nicolae_shop_trees,
          shop, shop, uniq_josephine, uniq_nessos, uniq_azrael
Lab:      labyrinth_watery, nicolae_lab_starburst, nicolae_lab_big_swirl,
          lab_block, nicolae_lab_lava, nicolae_lab_stuck,
          labyrinth_skeletal_remains
Sewer:    sewer_frog_island_01

Skill      XL: |  1  2  3  4  5  6  7  8  9 10 11 12 13 14 15 |
---------------+----------------------------------------------+-----
Ice Magic      | 4 5 6 7 10 12 | 12.0
Fighting       | 4 8 9 |  9.6
Dodging        | 3 7 8 12 | 12.1
Charms         | 4 6 |  6.1
Conjurations   | 5 6 |  6.1
Invocations    | 5 |  5.0
Evocations     | 3 5 |  5.3
Spellcasting   | 4 6 8 |  8.0
Polearms       | 11 16 19 20 | 20.0
Stealth        | |  2.1

Action                   |  1- 3 |  4- 6 |  7- 9 | 10-12 | 13-15 || total
-------------------------+-------+-------+-------+-------+-------++-------
Melee: Unarmed           |     4 |       |       |       |       ||     4
       Dagger            |    23 |       |       |       |       ||    23
       Short sword       |       |   103 |   276 |   471 |       ||   850
       Hand axe          |       |       |    26 |     3 |       ||    29
       Tailslap          |       |       |     2 |       |       ||     2
       Spear             |       |       |       |   140 |       ||   140
       Halberd           |       |       |       |       |   961 ||   961
       Trident           |       |       |       |       |    67 ||    67
       Glaive            |       |       |       |       |   317 ||   317
 Fire: Hunting sling     |     9 |    44 |       |       |       ||    53
Throw: Stone             |     3 |     1 |       |       |       ||     4
       Tomahawk          |       |       |     4 |    15 |     9 ||    28
 Cast: Freeze            |    47 |    62 |    54 |   163 |    33 ||   359
       Ozocubu's Armour  |     1 |    13 |    31 |    80 |   110 ||   235
       Throw Frost       |     1 |     4 |    10 |    18 |     1 ||    34
       Throw Icicle      |       |       |     1 |    36 |    79 ||   116
       Conjure Flame     |       |       |       |    17 |    37 ||    54
       Blink             |       |       |       |       |     5 ||     5
       Regeneration      |       |       |       |       |    16 ||    16
Invok: Lesser Servant of |       |       |       |    10 |    12 ||    22
       Minor Destruction |       |       |       |     2 |       ||     2
Evoke: Wand              |       |       |     8 |    14 |     2 ||    24
  Use: Scroll            |       |     6 |     6 |    21 |    11 ||    44
       Potion            |       |       |       |     5 |     8 ||    13
 Stab: Sleeping          |     3 |     7 |     5 |     6 |     3 ||    24
       Distracted        |       |     1 |       |     2 |     5 ||     8
       Confused          |       |       |     1 |     1 |       ||     2
       Paralysed         |       |       |       |     3 |     6 ||     9
  Eat: Chunk             |     5 |    12 |    14 |    24 |    32 ||    87
       Ration            |       |       |     2 |     7 |     7 ||    16
Armor: Robe              |    17 |    30 |    97 |   123 |       ||   267
       Leather armour    |       |       |       |   173 |   447 ||   620
       Skin              |       |       |       |       |     7 ||     7
Dodge: Dodged            |    65 |    96 |   319 |   687 |  1038 ||  2205

Table legend:
 A = Spawn XP
 B = Non-spawn XP
 C = Spawn XP percentage of total XP
 D = Spawn monster count
 E = Non-spawn monster count
 F = Spawn count percentage of total count
 G = Total turns spent on level
                    A         B        C        D         E        F      G
               +---------+---------+-------+---------+---------+-------+---------
         Total |       0 |   97195 |   0.0 |       0 |     606 |   0.0 | 32891
               +---------+---------+-------+---------+---------+-------+---------
           D:1 |       0 |      54 |   0.0 |       0 |      24 |   0.0 |  1820
           D:2 |       0 |     126 |   0.0 |       0 |      38 |   0.0 |  1411
           D:3 |       0 |      96 |   0.0 |       0 |      25 |   0.0 |   896
           D:4 |       0 |     337 |   0.0 |       0 |      18 |   0.0 |  1222
           D:5 |       0 |     426 |   0.0 |       0 |      11 |   0.0 |   840
           D:6 |       0 |     667 |   0.0 |       0 |      30 |   0.0 |  1187
           D:7 |       0 |    1437 |   0.0 |       0 |       9 |   0.0 |  1484
           D:8 |       0 |    3855 |   0.0 |       0 |      45 |   0.0 |  2452
           D:9 |       0 |    2917 |   0.0 |       0 |      25 |   0.0 |  2091
          D:10 |       0 |    5816 |   0.0 |       0 |      54 |   0.0 |  1443
        Lair:1 |       0 |    2846 |   0.0 |       0 |      13 |   0.0 |  1939
        Lair:2 |       0 |    4925 |   0.0 |       0 |      23 |   0.0 |  1475
        Lair:3 |       0 |    7111 |   0.0 |       0 |      27 |   0.0 |  1217
        Lair:4 |       0 |   10277 |   0.0 |       0 |      54 |   0.0 |  2819
        Lair:5 |       0 |   15025 |   0.0 |       0 |      39 |   0.0 |  2453
        Lair:6 |       0 |   12861 |   0.0 |       0 |      41 |   0.0 |  1909
         Orc:1 |       0 |   11797 |   0.0 |       0 |      66 |   0.0 |  3679
         Orc:2 |       0 |   15024 |   0.0 |       0 |      44 |   0.0 |  1555
           Lab |       0 |    1482 |   0.0 |       0 |       4 |   0.0 |   726
         Sewer |       0 |     116 |   0.0 |       0 |      16 |   0.0 |   273
               +---------+---------+-------+---------+---------+-------+---------
